 Dungeon Crawl Stone Soup version 0.31-a0-180-g519b7de00c (webtiles) character file.

Game seed: 6361749027757920450

16898 qw the Cleaver (level 12, -10/77 HPs)
             Began as a Gargoyle Fighter on June 19, 2023.
             Was a High Priest of Okawaru.
             Mangled by a fire crab (14 damage)
             ... in a Gauntlet.
             The game lasted 00:05:15 (10291 turns).

qw the Cleaver (Gargoyle Fighter)                  Turns: 10291, Time: 00:05:16

Health: -10/77     AC: 24    Str: 25    XL:     12   Next: 42%
Magic:  16/18      EV: 17    Int:  9    God:    Okawaru [*****.]
Gold:   484        SH:  9    Dex: 15    Spells: 11/11 levels left

rFire   . . .        b - +2 war axe (vamp)
rCold   + . .        p - +2 buckler {rC+}
rNeg    + . .        r - +0 chain mail
rPois   inf          (no helmet)
rElec   +            (no cloak)
rCorr   .            (no gloves)
SInv    .            i - +2 pair of boots
Will    .....        x - amulet of regeneration Stlth
                     a - +5 ring of evasion
HPRegen 1.12/turn    g - +6 ring of dexterity
MPRegen 0.16/turn

%: no teleportation
@: heroic
A: sickness immunity, AC +8, negative energy resistance 1, electricity
resistance, torment resistance 1, petrification resistance
a: Renounce Religion, Heroism, Finesse, Duel


You were in a Gauntlet.
You worshipped Okawaru.
Okawaru was extremely pleased with you.
You visited 2 branches of the dungeon, and saw 11 of its levels.
You also visited: Gauntlet.

You collected 673 gold pieces.
You spent 189 gold pieces at shops.


Innate Abilities, Weirdness & Mutations

You are immune to sickness and miasma.
Your stone body is resilient. (AC +8)
You are immune to poison.
You resist negative energy. (rN+)
You are resistant to electric shocks. (rElec)
You are resistant to unholy torment.
You are immune to petrification.


   Skills:
 - Level 10.0(15.0) Fighting
 + Level 12.9(17.9) Axes
 - Level 2.8(7.8) Throwing
 - Level 6.1(11.1) Armour
 - Level 3.3(8.3) Dodging
 - Level 6.0(11.0) Shields
 + Level 8.6 Invocations


You had 11 spell levels left.
You didn't know any spells.
Your spell library was empty.

Inventory:

Hand Weapons
 b - a +2 vampiric war axe (weapon)
 j - a +1 heavy war axe
 o - a +0 morningstar
 t - a +1 flail of holy wrath
Armour
 i - a +2 pair of boots (worn)
 p - a +2 buckler of cold resistance (worn)
 r - a +0 chain mail (worn)
Jewellery
 a - a +5 ring of evasion (left hand)
 g - a +6 ring of dexterity (right hand)
 u - a ring of resist corrosion
 x - an amulet of regeneration (around neck)
Scrolls
 m - 2 scrolls of identify
 w - 4 scrolls of teleportation
Potions
 d - 4 potions of might
 e - a potion of enlightenment
 f - a potion of cancellation
 h - a potion of haste
 l - a potion of attraction
 n - 3 potions of heal wounds
 q - 2 potions of curing
 s - 3 potions of lignification
 v - a potion of mutation

Dungeon Overview and Level Annotations

Branches:
Dungeon (8/15)             Temple (0/1) D:7            Lair (3/5) D:8
 Shoals (0/4) Lair:2        Snake (0/4) Lair:3      Gauntlet (1/1)

Altars:
Ashenzari
Gozag
Hepliaklqana
Makhleb
Okawaru
Ru
Wu Jian

Shops:
D:1 [   D:4 ((!*

Annotations:
D:2 1 runed translucent door, Crazy Yiuf
Lair:3 exclusion: komodo dragon Gauntlet 9 transporters, 4 runed translucent doors


Message History

You barely miss the fire bat. The fire bat bites you.
You are engulfed in flames!
You hit the fire bat but do no damage. You slash the fire crab!
You feel better. You block the fire bat's attack.
The fire crab closely misses you. The fire crab barely misses you.
You hit the fire crab but do no damage.
The fire crab is moderately wounded.
You barely miss the fire bat. The fire bat misses you.
The fire crab breathes flames at you. The blast of flame misses you.
You slash the fire crab!
The fire crab is heavily wounded.
You completely miss the fire bat.
You are engulfed in blazing flames.
The fire bat closely misses you. The fire crab breathes flames at you.
The blast of flame misses you.
10288 ||| INVOKING Heroism.
You gain the combat prowess of a mighty hero.
You are engulfed in blazing flames.
You block the fire bat's attack. The fire bat bites you.
You are engulfed in flames.
The fire crab breathes flames at you.
The blast of flame engulfs you but does no damage.
You slash the fire crab!
The fire crab is almost dead.
You slash the fire bat! The fire bat misses you.
You slash the fire crab!
The fire crab is almost dead.
You miss the fire bat. The fire bat misses you.
The fire crab breathes flames at you.
The blast of flame engulfs you but does no damage.
You hit the fire crab but do no damage.
The fire crab is almost dead.
You slash the fire bat!
You are engulfed in blazing flames.
The fire bat closely misses you. The fire bat misses you.
The fire crab bites you!
You are engulfed in flames!
The fire crab claws you.
You are engulfed in flames!
You die...

#~~~#...#########.~~#
###...#...#8..^#....~##
......#.8.#^...#.8..##
###.8.#.}.#8..^#....~##
....^.#.8.#########.~~#
#.#.8.#...#.##.##.#.~##
# #.^.#...##..#bb##.##
#.8.#.8.##0##b###.~##
#.^.#.\.#.#t@#b.#.~~#
#.8.#.8.###0##.##.~## #
#.^.#...#00#..#=#.##
#.#.8.#...#0##^##.#.~##
....^.#.8.#########.~~#
###.8.#.}.#8..^#....~##
......#.8.#^...#.8..##
###...#...#8..^#....~##
#~~~#...#########.~~#


You could see a fire crab and 4 fire bats.

Vanquished Creatures
  2 catoblepae
  A skyshark (Lair:3)
  A lindwurm (Lair:3)
  2 black mambas
  An eye of devastation (Gauntlet)
  2 rime drakes (Lair:2)
  3 cane toads
  6 komodo dragons
  Grinder (D:3)
  A troll (D:7)
  2 hornets (Gauntlet)
  3 blink frogs (Lair:3)
  A slime creature (D:6)
  A spriggan (Lair:1)
  Sigmund (D:3)
  29 yaks
  Eustachio (D:4)
  2 basilisks (D:8)
  A steam dragon (D:8)
  Menkaure (D:4)
  Edmund (D:6)
  5 water moccasins
  A floating eye (Gauntlet)
  An ice beast (D:5)
  An orc warrior (D:7)
  A black bear (D:6)
  4 centaurs
  4 wolves (Lair:1)
  2 phantoms
  2 kobold brigands
  8 bullfrogs
  3 scorpions
  3 killer bees (D:8)
  3 howler monkeys
  4 electric eels (Lair:3)
  4 hounds
  5 jellies
  5 orc priests
  2 gnoll boudas
  A sleepcap (D:5)
  4 orc wizards
  Ijyb (D:5)
  3 iguanas
  5 hell rats (Lair:3)
  13 gnolls
  7 adders
  3 shadow imps
  4 worms
  2 dart slugs
  23 orcs
  5 ball pythons
  10 bats
  5 endoplasms
  A giant cockroach (D:2)
  9 goblins
  9 hobgoblins
  2 jackals (D:1)
  3 quokkas
  8 frilled lizards
  14 kobolds
  4 rats
257 creatures vanquished.

Notes
Turn   | Place    | Note
-------+----------+-------------------------------------------
     0 | D:1      | qw the Gargoyle Fighter began the quest for the Orb.
     0 | D:1      | Reached XP level 1. HP: 14/14 MP: 1/1
     0 | D:1      | 0 ||| qw: Version: 0.3-a-7-ge0c9b40
     0 | D:1      | 0 ||| qw: Game counter: 1103
     0 | D:1      | 0 ||| qw: Always use a shield: true
     0 | D:1      | 0 ||| qw: God list: Okawaru
     0 | D:1      | 0 ||| qw: Allow faded altars: false
     0 | D:1      | 0 ||| qw: Do Orc after D:15 true
     0 | D:1      | 0 ||| qw: Do second Lair branch before Depths: true
     0 | D:1      | 0 ||| qw: Lair rune preference: random
     0 | D:1      | 0 ||| qw: Plans: Normal, Zot:1-4, Slime:5, God:TSO, Crypt,
                  | Tomb, Abyss, Pan, Hells, Win
     0 | D:1      | 0 ||| PLANNING D:1-11
    68 | D:1      | Reached skill level 2 in Axes
    69 | D:1      | 69 ||| FLEEEEING.
    95 | D:1      | 95 ||| Stepping ~*~*~tactically~*~*~ (stealth).
    96 | D:1      | 96 ||| Stepping ~*~*~tactically~*~*~ (stealth).
   141 | D:1      | 141 ||| Stepping ~*~*~tactically~*~*~ (stealth).
   147 | D:1      | 147 ||| Stepping ~*~*~tactically~*~*~ (stealth).
   150 | D:1      | Reached XP level 2. HP: 19/19 MP: 2/2
   152 | D:1      | Found Alaj's Armour Shop.
   177 | D:1      | 177 ||| SHOPLISTING +0 helmet (45 gold, have 4).
   177 | D:1      | 177 ||| SHOPLISTING +1 helmet of see invisible (165 gold,
                  | have 4).
   177 | D:1      | 177 ||| SHOPLISTING +10 plate armour of ponderousness (500
                  | gold, have 4).
   177 | D:1      | 177 ||| SHOPLISTING +2 plate armour of cold resistance (400
                  | gold, have 4).
   212 | D:1      | 212 ||| Stepping ~*~*~tactically~*~*~ (hiding).
   229 | D:1      | 229 ||| Stepping ~*~*~tactically~*~*~ (stealth).
   293 | D:1      | 293 ||| DROPPING +0 club.
   362 | D:1      | 362 ||| Stepping ~*~*~tactically~*~*~ (stealth).
   390 | D:1      | Reached skill level 3 in Axes
   428 | D:1      | Found a faded altar of an unknown god.
   429 | D:1      | 429 ||| Stepping ~*~*~tactically~*~*~ (hiding).
   441 | D:1      | 441 ||| Stepping ~*~*~tactically~*~*~ (stealth).
   503 | D:1      | Reached XP level 3. HP: 23/23 MP: 3/3
   575 | D:1      | 575 ||| Stepping ~*~*~tactically~*~*~ (stealth).
   702 | D:1      | 702 ||| UPGRADING to +0 pair of boots.
   707 | D:1      | 707 ||| READING scroll labelled IBBUKI AVUPEILL.
   708 | D:1      | 708 ||| READING scroll labelled OCIADUC ZYRRU.
   711 | D:1      | 711 ||| READING scroll labelled POTAWO DIEMM.
   724 | D:2      | Found an iron altar of Okawaru.
   725 | D:2      | 725 ||| PLANNING OKAWARU WORSHIP
   725 | D:2      | 725 ||| STAIRDANCE
   732 | D:2      | Became a worshipper of Warmaster Okawaru
   733 | D:2      | 733 ||| PLANNING D:1-11
  1125 | D:2      | Found a runed translucent door.
  1126 | D:2      | Noticed Crazy Yiuf
  1220 | D:2      | Reached XP level 4. HP: 28/28 MP: 4/4
  1239 | D:2      | Reached skill level 4 in Axes
  1481 | D:2      | 1481 ||| UPGRADING to +5 ring of evasion.
  1482 | D:2      | 1482 ||| UPGRADING to +6 ring of dexterity.
  1483 | D:2      | 1483 ||| DRINKING 2 glowing purple potions.
  1620 | D:3      | Reached skill level 1 in Dodging
  1641 | D:3      | 1641 ||| Stepping ~*~*~tactically~*~*~ (stealth).
  1667 | D:3      | 1667 ||| Stepping ~*~*~tactically~*~*~ (stealth).
  1676 | D:3      | Reached XP level 5. HP: 29/32 MP: 5/5
  1715 | D:3      | Noticed Grinder
  1738 | D:3      | Killed Grinder
  1738 | D:3      | Reached * piety under Okawaru
  1739 | D:3      | Reached skill level 5 in Axes
  1739 | D:3      | Reached XP level 6. HP: 24/37 MP: 6/6
  1823 | D:3      | 1823 ||| DROPPING +0 whip.
  2090 | D:3      | 2090 ||| Stepping ~*~*~tactically~*~*~ (hiding).
  2322 | D:3      | Noticed Sigmund
  2323 | D:3      | 2323 ||| Stepping ~*~*~tactically~*~*~ (stealth).
  2325 | D:3      | 2325 ||| INVOKING Heroism.
  2333 | D:3      | Killed Sigmund
  2333 | D:3      | Reached ** piety under Okawaru
  2334 | D:3      | Reached XP level 7. HP: 43/43 MP: 4/8
  2386 | D:3      | 2386 ||| READING scroll labelled KOAF WULLEHOSO.
  2387 | D:3      | 2387 ||| READING scroll labelled TOUWKI BO ROHI.
  2488 | D:3      | 2488 ||| READING scroll labelled RIBEDGH PANKIVEBB.
  2489 | D:3      | 2489 ||| DRINKING 2 fuming black potions.
  2594 | D:3      | 2594 ||| DROPPING potion of berserk rage.
  2646 | D:4      | Found Piezuq's Distillery.
  2651 | D:4      | Reached skill level 6 in Axes
  2675 | D:4      | Found Soanuija's Weapon Boutique.
  2677 | D:4      | Found Tithrar's Antique Weapon Boutique.
  2701 | D:4      | Found a hazy altar of Hepliaklqana.
  2771 | D:4      | Found a burning altar of Makhleb.
  2781 | D:4      | Reached skill level 3 in Invocations
  2852 | D:4      | Noticed Menkaure
  2853 | D:4      | 2853 ||| Stepping ~*~*~tactically~*~*~ (hiding).
  2856 | D:4      | 2856 ||| INVOKING Heroism.
  2858 | D:4      | Killed Menkaure
  2890 | D:4      | Reached XP level 8. HP: 42/48 MP: 11/11
  2911 | D:4      | Noticed Eustachio
  2912 | D:4      | 2912 ||| INVOKING Heroism.
  2916 | D:4      | Killed Eustachio
  2917 | D:4      | Reached skill level 7 in Axes
  2963 | D:4      | Found Awuzuock's Assorted Antiques.
  2972 | D:4      | 2972 ||| BUYING 2 sapphire potions (50 gold).
  2972 | D:4      | Bought 2 sapphire potions for 50 gold pieces
  2972 | D:4      | 2972 ||| BUYING 2 smoky pink potions (50 gold).
  2972 | D:4      | Bought 2 smoky pink potions for 50 gold pieces
  2972 | D:4      | 2972 ||| SHOPLISTING 3 scrolls labelled PUYNUW JUD (84
                  | gold, have 82).
  2972 | D:4      | 2972 ||| BUYING scroll labelled GEL ISOECVIA (28 gold).
  2972 | D:4      | Bought a scroll labelled GEL ISOECVIA for 28 gold pieces
  2972 | D:4      | 2972 ||| SHOPLISTING sharpened copper wand (112 gold, have
                  | 54).
  2972 | D:4      | 2972 ||| BUYING viscous orange potion (25 gold).
  2972 | D:4      | Bought a viscous orange potion for 25 gold pieces
  3219 | D:4      | Found an ornate altar of the Wu Jian Council.
  3311 | D:4      | 3311 ||| READING scroll labelled PUIFEULAMI.
  3312 | D:4      | 3312 ||| READING scroll labelled GEL ISOECVIA.
  3313 | D:4      | 3313 ||| READING scroll labelled FATHIA UQEAPU.
  3314 | D:4      | 3314 ||| DRINKING 2 sapphire potions.
  3315 | D:4      | 3315 ||| DRINKING 2 smoky pink potions.
  3320 | D:4      | 3320 ||| DRINKING 3 fuming purple potions.
  3352 | D:4      | 3352 ||| DROPPING potion of ambrosia.
  3496 | D:4      | 3496 ||| SHOPLISTING 2 potions of haste (240 gold, have
                  | 43).
  3496 | D:4      | 3496 ||| SHOPLISTING 2 potions of mutation (192 gold, have
                  | 43).
  3496 | D:4      | 3496 ||| BUYING potion of attraction (36 gold).
  3496 | D:4      | Bought a potion of attraction for 36 gold pieces
  3496 | D:4      | 3496 ||| SHOPLISTING potion of cancellation (96 gold, have
                  | 7).
  3496 | D:4      | 3496 ||| SHOPLISTING potion of curing (36 gold, have 7).
  3496 | D:4      | 3496 ||| SHOPLISTING potion of enlightenment (60 gold, have
                  | 7).
  3496 | D:4      | 3496 ||| SHOPLISTING potion of heal wounds (60 gold, have
                  | 7).
  3496 | D:4      | 3496 ||| SHOPLISTING potion of magic (96 gold, have 7).
  3496 | D:4      | 3496 ||| SHOPLISTING potion of might (48 gold, have 7).
  3496 | D:4      | 3496 ||| Stepping randomly (stuck).
  3576 | D:5      | Entered Level 5 of the Dungeon
  3580 | D:5      | 3580 ||| INVOKING Heroism.
  3620 | D:5      | 3620 ||| DRINKING 2 glowing sapphire potions.
  3621 | D:5      | 3621 ||| DRINKING 2 viscous orange potions.
  3622 | D:5      | 3622 ||| DROPPING potion of invisibility.
  3628 | D:5      | 3628 ||| STAIRDANCE
  3632 | D:5      | 3632 ||| STAIRDANCE
  3636 | D:5      | 3636 ||| STAIRDANCE
  3640 | D:5      | 3640 ||| STAIRDANCE
  3644 | D:5      | 3644 ||| STAIRDANCE
  3648 | D:5      | 3648 ||| STAIRDANCE
  3652 | D:5      | 3652 ||| STAIRDANCE
  3656 | D:5      | 3656 ||| STAIRDANCE
  3660 | D:5      | 3660 ||| STAIRDANCE
  3664 | D:5      | 3664 ||| STAIRDANCE
  3668 | D:5      | 3668 ||| STAIRDANCE
  3672 | D:5      | 3672 ||| STAIRDANCE
  3676 | D:5      | 3676 ||| STAIRDANCE
  3680 | D:5      | 3680 ||| STAIRDANCE
  3684 | D:5      | 3684 ||| STAIRDANCE
  3688 | D:5      | 3688 ||| STAIRDANCE
  3692 | D:5      | 3692 ||| STAIRDANCE
  3696 | D:5      | 3696 ||| STAIRDANCE
  3700 | D:5      | 3700 ||| STAIRDANCE
  3704 | D:5      | 3704 ||| STAIRDANCE
  3719 | D:4      | 3719 ||| SHOPLISTING encrusted morningstar (180 gold, have
                  | 11).
  3719 | D:4      | 3719 ||| SHOPLISTING fine war axe (170 gold, have 11).
  3719 | D:4      | 3719 ||| SHOPLISTING flail (70 gold, have 11).
  3719 | D:4      | 3719 ||| Stepping randomly (stuck).
  3797 | D:5      | Found an opulent altar of Gozag.
  3816 | D:5      | Reached skill level 1 in Throwing
  3917 | D:5      | 3917 ||| Stepping ~*~*~tactically~*~*~ (hiding).
  3919 | D:5      | 3919 ||| Stepping ~*~*~tactically~*~*~ (hiding).
  3920 | D:5      | 3920 ||| Stepping ~*~*~tactically~*~*~ (hiding).
  3921 | D:5      | 3921 ||| Stepping ~*~*~tactically~*~*~ (hiding).
  3922 | D:5      | 3922 ||| Stepping ~*~*~tactically~*~*~ (hiding).
  3923 | D:5      | 3923 ||| Stepping ~*~*~tactically~*~*~ (hiding).
  4030 | D:5      | 4030 ||| DROPPING +0 mace.
  4038 | D:5      | 4038 ||| INVOKING Heroism.
  4051 | D:5      | Noticed Ijyb
  4052 | D:5      | 4052 ||| Stepping ~*~*~tactically~*~*~ (hiding).
  4055 | D:5      | Killed Ijyb
  4083 | D:5      | 4083 ||| Stepping ~*~*~tactically~*~*~ (stealth).
  4085 | D:5      | 4085 ||| INVOKING Heroism.
  4094 | D:5      | 4094 ||| INVOKING Heroism.
  4143 | D:5      | Found a sacrificial altar of Ru.
  4639 | D:5      | 4639 ||| READING scroll labelled IROILL HEINWUM.
  4640 | D:5      | 4640 ||| READING scroll labelled WIDOSA POASAIL.
  4664 | D:6      | 4664 ||| INVOKING Heroism.
  4673 | D:6      | Reached skill level 8 in Axes
  4764 | D:6      | Reached skill level 6 in Fighting
  4764 | D:6      | Reached XP level 9. HP: 55/55 MP: 12/12
  4768 | D:6      | Found a broken altar of Ashenzari.
  5097 | D:6      | Noticed Edmund
  5098 | D:6      | 5098 ||| INVOKING Heroism.
  5106 | D:6      | Killed Edmund
  5200 | D:6      | 5200 ||| INVOKING Heroism.
  5205 | D:6      | Reached skill level 9 in Axes
  5340 | D:6      | 5340 ||| INVOKING Heroism.
  5477 | D:6      | 5477 ||| UPGRADING to +0 chain mail.
  5487 | D:6      | 5487 ||| DROPPING +0 scale mail.
  5488 | D:6      | 5488 ||| READING scroll labelled PATIPU HEPNO.
  5489 | D:6      | 5489 ||| READING 2 scrolls of identify.
  5489 | D:6      | 5489 ||| IDENTIFYING pink potion
  5490 | D:6      | 5490 ||| DROPPING potion of brilliance.
  5519 | D:7      | Found a staircase to the Ecumenical Temple.
  5619 | D:7      | 5619 ||| INVOKING Heroism.
  5721 | D:7      | 5721 ||| INVOKING Heroism.
  5764 | D:7      | 5764 ||| Stepping ~*~*~tactically~*~*~ (hiding).
  5847 | D:7      | 5847 ||| Stepping ~*~*~tactically~*~*~ (hiding).
  5850 | D:7      | 5850 ||| Stepping ~*~*~tactically~*~*~ (hiding).
  5970 | D:7      | Noticed a troll
  5971 | D:7      | 5971 ||| INVOKING Heroism.
  5975 | D:7      | Killed a troll
  6309 | D:7      | 6309 ||| Stepping ~*~*~tactically~*~*~ (hiding).
  6549 | D:7      | 6549 ||| DROPPING amulet of magic regeneration.
  6550 | D:7      | 6550 ||| READING scroll labelled OSEAFO NITUP.
  6575 | D:8      | 6575 ||| Stepping ~*~*~tactically~*~*~ (hiding).
  6577 | D:8      | 6577 ||| Stepping ~*~*~tactically~*~*~ (hiding).
  6578 | D:8      | 6578 ||| Stepping ~*~*~tactically~*~*~ (hiding).
  6586 | D:8      | 6586 ||| Stepping ~*~*~tactically~*~*~ (hiding).
  6588 | D:8      | 6588 ||| INVOKING Heroism.
  6606 | D:8      | 6606 ||| Stepping ~*~*~tactically~*~*~ (stealth).
  6608 | D:8      | 6608 ||| Stepping ~*~*~tactically~*~*~ (stealth).
  6613 | D:8      | 6613 ||| INVOKING Heroism.
  6627 | D:8      | Reached skill level 10 in Axes
  6630 | D:8      | 6630 ||| SWAPPING to +1 vampiric war axe.
  6653 | D:8      | 6653 ||| Stepping ~*~*~tactically~*~*~ (stealth).
  6671 | D:8      | Reached XP level 10. HP: 50/63 MP: 13/13
  6674 | D:8      | 6674 ||| INVOKING Heroism.
  6758 | D:8      | 6758 ||| INVOKING Heroism.
  6767 | D:8      | 6767 ||| Stepping ~*~*~tactically~*~*~ (cloud).
  6785 | D:8      | 6785 ||| FLEEEEING.
  6786 | D:8      | 6786 ||| FLEEEEING.
  6828 | D:8      | 6828 ||| INVOKING Heroism.
  6839 | D:8      | HP: 5/64 [komodo dragon (16)]
  6840 | D:8      | 6840 ||| READING scroll of teleportation.
  6841 | D:8      | 6841 ||| DRINKING 3 potions of heal wounds.
  6893 | D:8      | 6893 ||| INVOKING Heroism.
  6931 | D:8      | 6931 ||| Stepping ~*~*~tactically~*~*~ (hiding).
  6932 | D:8      | 6932 ||| Stepping ~*~*~tactically~*~*~ (hiding).
  6941 | D:8      | 6941 ||| Stepping ~*~*~tactically~*~*~ (stealth).
  7141 | D:8      | 7141 ||| INVOKING Heroism.
  7329 | D:8      | 7329 ||| Stepping ~*~*~tactically~*~*~ (stealth).
  7331 | D:8      | 7331 ||| INVOKING Heroism.
  7421 | D:8      | Found a staircase to the Lair.
  7484 | D:8      | 7484 ||| PLANNING LAIR
  7484 | D:8      | 7484 ||| UPGRADING to amulet of regeneration.
  7489 | D:8      | 7489 ||| READING scroll labelled GIAFIT YGEDGHEU.
  7490 | D:8      | 7490 ||| READING scroll labelled ZUNEEGOEJE.
  7491 | D:8      | 7491 ||| READING scroll labelled PUYNUW JUD.
  7502 | D:8      | 7502 ||| READING 3 scrolls of identify.
  7502 | D:8      | 7502 ||| IDENTIFYING bubbling orange potion
  7503 | D:8      | 7503 ||| READING 2 scrolls of identify.
  7503 | D:8      | 7503 ||| IDENTIFYING metallic clear potion
  7519 | Lair:1   | Entered Level 1 of the Lair of Beasts
  7526 | Lair:1   | 7526 ||| STAIRDANCE
  7556 | Lair:1   | 7556 ||| Stepping ~*~*~tactically~*~*~ (stealth).
  7559 | Lair:1   | 7559 ||| Stepping ~*~*~tactically~*~*~ (stealth).
  7570 | Lair:1   | Reached skill level 11 in Axes
  7579 | Lair:1   | Reached skill level 3 in Dodging
  7627 | Lair:1   | 7627 ||| Stepping ~*~*~tactically~*~*~ (stealth).
  7629 | Lair:1   | 7629 ||| Stepping ~*~*~tactically~*~*~ (stealth).
  7657 | Lair:1   | Reached skill level 9 in Fighting
  7658 | Lair:1   | Reached *** piety under Okawaru
  7662 | Lair:1   | Reached skill level 6 in Armour
  7662 | Lair:1   | Reached XP level 11. HP: 71/71 MP: 14/14
  7677 | Lair:1   | 7677 ||| INVOKING Heroism.
  7904 | Lair:1   | 7904 ||| Stepping ~*~*~tactically~*~*~ (stealth).
  7907 | Lair:1   | 7907 ||| Stepping ~*~*~tactically~*~*~ (stealth).
  7927 | Lair:1   | Reached skill level 12 in Axes
  7927 | Lair:1   | Reached **** piety under Okawaru
  7955 | Lair:1   | 7955 ||| INVOKING Heroism.
  8041 | Lair:1   | Reached skill level 6 in Shields
  8154 | Lair:1   | 8154 ||| Stepping ~*~*~tactically~*~*~ (stealth).
  8163 | Lair:1   | Received a gift from Okawaru
  8166 | Lair:1   | 8166 ||| INVOKING Heroism.
  8310 | Lair:1   | Noticed a catoblepas
  8311 | Lair:1   | 8311 ||| INVOKING Heroism.
  8321 | Lair:1   | Killed a catoblepas
  8846 | Lair:1   | 8846 ||| UPGRADING to +2 buckler of cold resistance.
  8856 | Lair:1   | 8856 ||| DROPPING +0 buckler.
  8857 | Lair:1   | 8857 ||| READING 2 scrolls of identify.
  8857 | Lair:1   | 8857 ||| IDENTIFYING cyan potion
  8895 | Lair:2   | 8895 ||| INVOKING Heroism.
  9017 | Lair:2   | 9017 ||| Stepping ~*~*~tactically~*~*~ (hiding).
  9024 | Lair:2   | Reached skill level 6 in Invocations
  9043 | Lair:2   | 9043 ||| READING scroll of enchant armour.
  9043 | Lair:2   | 9043 ||| ENCHANTING +0 pair of boots.
  9106 | Lair:2   | Found a staircase to the Shoals.
  9244 | Lair:2   | 9244 ||| INVOKING Heroism.
  9733 | Lair:3   | 9733 ||| PLANNING GAUNTLET
  9753 | Lair:3   | 9753 ||| INVOKING Heroism.
  9755 | Lair:3   | 9755 ||| READING scroll labelled YSTROU TUUREON.
  9768 | Lair:3   | Noticed a skyshark
  9779 | Lair:3   | Killed a skyshark
  9780 | Lair:3   | Reached XP level 12. HP: 77/77 MP: 15/17
  9784 | Lair:3   | Noticed a catoblepas
  9785 | Lair:3   | 9785 ||| INVOKING Heroism.
  9806 | Lair:3   | Killed a catoblepas
  9822 | Lair:3   | Reached ***** piety under Okawaru
  9829 | Lair:3   | 9829 ||| Stepping ~*~*~tactically~*~*~ (stealth).
  9841 | Lair:3   | 9841 ||| Stepping ~*~*~tactically~*~*~ (stealth).
  9887 | Lair:3   | 9887 ||| Stepping ~*~*~tactically~*~*~ (stealth).
  9890 | Lair:3   | 9890 ||| Stepping ~*~*~tactically~*~*~ (stealth).
  9892 | Lair:3   | 9892 ||| INVOKING Heroism.
  9921 | Lair:3   | 9921 ||| Stepping ~*~*~tactically~*~*~ (stealth).
  9924 | Lair:3   | 9924 ||| Stepping ~*~*~tactically~*~*~ (stealth).
  9926 | Lair:3   | 9926 ||| Stepping ~*~*~tactically~*~*~ (hiding).
  9928 | Lair:3   | 9928 ||| Stepping ~*~*~tactically~*~*~ (hiding).
  9929 | Lair:3   | 9929 ||| INVOKING Heroism.
 10033 | Lair:3   | Found a gate leading to a gauntlet.
 10053 | Gauntlet | Entered a Gauntlet
 10053 | Gauntlet | Found a transporter.
 10062 | Gauntlet | Found a transporter.
 10065 | Gauntlet | Found a transporter.
 10066 | Gauntlet | Found a transporter.
 10074 | Gauntlet | Found a transporter.
 10077 | Gauntlet | Found a transporter.
 10078 | Gauntlet | Found a transporter.
 10087 | Gauntlet | Found a transporter.
 10090 | Gauntlet | Found a transporter.
 10091 | Gauntlet | Found a transporter.
 10093 | Gauntlet | Noticed a death scarab
 10097 | Gauntlet | Found a runed translucent gate.
 10097 | Gauntlet | Found a runed translucent gate.
 10097 | Gauntlet | Noticed a death scarab
 10099 | Gauntlet | Found a runed translucent gate.
 10099 | Gauntlet | Found a transporter.
 10103 | Gauntlet | Found a transporter.
 10104 | Gauntlet | Found a transporter.
 10116 | Gauntlet | Found a transporter.
 10121 | Gauntlet | Found a runed translucent door.
 10209 | Gauntlet | 10209 ||| READING scroll of enchant armour.
 10209 | Gauntlet | 10209 ||| ENCHANTING +1 pair of boots.
 10225 | Gauntlet | 10225 ||| INVOKING Heroism.
 10277 | Gauntlet | 10277 ||| READING scroll of enchant weapon.
 10277 | Gauntlet | 10277 ||| ENCHANTING +1 vampiric war axe.
 10288 | Gauntlet | 10288 ||| INVOKING Heroism.
 10291 | Gauntlet | HP: 15/77 [fire crab (10)]
 10291 | Gauntlet | HP: 5/77 [fire crab (10)]
 10291 | Gauntlet | Mangled by a fire crab

Levels and vault maps discovered:
D:1:      zaba_arrival_water, layout_loops_cross, serial_shops, shop,
          shapermc_ecumenical_altar_pompeii, minmay_lizard_pond
D:2:      layout_basic, basic_altar, eino_tiny_chamber, uniq_crazy_yiuf_cottage
D:3:      layout_loops_ring, grunt_ministairs_2, uniq_grinder, uniq_sigmund
D:4:      layout_basic, amcnicky_altar_gilded, mainiacjoe_overflow_boulevard,
          nzn_wu_jian_contemplation, serial_shops, shop,
          nicolae_shop_distant_corner_stores, minmay_cut_off, uniq_eustachio,
          uniq_menkaure
D:5:      layout_basic, mainiacjoe_overflow_small_starburst,
          grunt_gozag_statues, uniq_ijyb
D:6:      layout_cave_pools, kennysheep_little_box, minmay_three_doors,
          uniq_edmund
D:7:      layout_basic, minmay_temple_entry_statues_fountains
D:8:      layout_rooms, erik_lair_dragon
Lair:1:   layout_layer_cave, enter_volcano_4, grunt_forest_large_clearing_hut
Lair:2:   layout_cave_pods, shoals_dummy_entry, lemuel_fruit_fields,
          infiniplex_staircase_pool
Lair:3:   layout_misc_corridors, minmay_snake_entry_six_corridors,
          gauntlet_entry_generic, nicolae_quartered_pool_impasse,
          hangedman_tree_tricks, serial_bayou_lake_a
Gauntlet: gammafunk_gauntlet_77_escape_option
          [minmay_gauntlet_arena_77_broken_ladder,
          minmay_gauntlet_arena_77_block_sizes,
          minmay_gauntlet_arena_77_tiled_triplets,
          minmay_gauntlet_arena_77_run_for_it, minmay_gauntlet_arena_77_path,
          nicolae_gauntlet_exit_dead_adventurers]

Skill      XL: |  1  2  3  4  5  6  7  8  9 10 11 12 |
---------------+-------------------------------------+-----
Axes           | 2 3 4 5 6 8 10 11 12 | 12.9
Dodging        | 1 2 3 |  3.3
Fighting       | 4 6 7 9 10 | 10.0
Invocations    | 2 4 6 8 |  8.6
Throwing       | 1 2 |  2.8
Shields        | 4 5 6 |  6.0
Armour         | 4 6 |  6.1

Action                     |  1- 3 |  4- 6 |  7- 9 | 10-12 || total
---------------------------+-------+-------+-------+-------++-------
  Melee: War axe           |   101 |    79 |   194 |   401 ||   775
  Throw: Boomerang         |       |    13 |    97 |    62 ||   172
         Javelin           |       |       |       |     6 ||     6
 Invoke: Heroism           |       |     1 |    15 |    18 ||    34
    Use: Scroll            |     3 |       |    11 |    11 ||    25
         Potion            |       |     1 |     6 |     1 ||     8
 Armour: Scale mail        |    55 |    29 |    34 |       ||   118
         Chain mail        |       |       |    36 |   103 ||   139
  Dodge: Dodged            |    44 |    44 |   149 |   237 ||   474
  Block: Buckler           |    18 |    17 |    57 |   112 ||   204

Table legend:
 A = Non-vault XP
 B = Vault XP
 C = Vault XP percentage of total XP
 D = Non-vault monster count
 E = Vault monster count
 F = Vault count percentage of total count
                 A         B        C        D         E       F
            +---------+---------+-------+---------+---------+-------
      Total |   18387 |    5753 |  23.8 |     225 |      32 |  12.5
            +---------+---------+-------+---------+---------+-------
        D:1 |      42 |       5 |  10.6 |      23 |       5 |  17.9
        D:2 |      55 |       0 |   0.0 |      17 |       0 |   0.0
        D:3 |      87 |     511 |  85.5 |      17 |       3 |  15.0
        D:4 |     343 |     371 |  52.0 |      17 |       5 |  22.7
        D:5 |     555 |      36 |   6.1 |      23 |       1 |   4.2
        D:6 |     548 |     671 |  55.0 |       8 |       4 |  33.3
        D:7 |    1082 |       0 |   0.0 |      24 |       0 |   0.0
        D:8 |    1474 |    1307 |  47.0 |      32 |       5 |  13.5
     Lair:1 |    7735 |    1039 |  11.8 |      37 |       3 |   7.5
     Lair:2 |    1711 |       0 |   0.0 |       6 |       0 |   0.0
     Lair:3 |    4755 |     646 |  12.0 |      21 |       2 |   8.7
   Gauntlet |       0 |    1167 | 100.0 |       0 |       4 | 100.0
            +---------+---------+-------+---------+---------+-------
